 Dungeon Crawl Stone Soup version 0.30.1-1-g62c8e00024 (webtiles) character file.

Game seed: 17987705744902299445

8136 cdecastro the Fighter (level 11, -4/120 HPs)
             Began as a Troll Fighter on July 14, 2023.
             Was a Priest of the Shining One.
             Slain by a yak (7 damage)
             ... on level 9 of the Dungeon.
             The game lasted 00:16:29 (8435 turns).

cdecastro the Fighter (Troll Fighter)               Turns: 8435, Time: 00:16:30

Health: -4/120     AC:  6    Str: 26    XL:     11   Next: 5%
Magic:  0/10       EV: 11    Int:  4    God:    the Shining One [***...]
Gold:   466        SH:  9    Dex: 19    Spells: 10/10 levels left

rFire   + . .        a - +12 trident "Killer Bee's Doom" {speed, rF+ SInv Stlth+}
rCold   . . .        b - +0 kite shield
rNeg    + . .        P - +0 robe
rPois   .            (helmet restricted)
rElec   .            H - +1 cloak
rCorr   .            (gloves unavailable)
SInv    +            (boots unavailable)
Will    .....        D - amulet of guardian spirit
Stlth   +            F - +6 ring of dexterity
HPRegen 1.20/turn    (no ring)
MPRegen 0.12/turn

%: guardian spirit
@: glowing
A: large, unfitting armour, claws 3, regeneration 1, shaggy fur 1, tough skin 1
a: Renounce Religion, Divine Shield, Cleansing Flame


You were on level 9 of the Dungeon.
You worshipped the Shining One.
The Shining One was most pleased with you.
You visited 2 branches of the dungeon, and saw 11 of its levels.
You also visited: Ossuary.

You collected 466 gold pieces.

Inventory:

Hand Weapons
 a - the +12 trident "Killer Bee's Doom" (weapon) {speed, rF+ SInv Stlth+}
   (You found it on level 10 of the Dungeon)

   rF:        It protects you from fire.
   SInv:      It lets you see invisible.
   Stlth:     It makes you more stealthy.
Missiles
 r - 35 poisoned darts (quivered)
 s - 4 boomerangs
 v - 3 large rocks
 y - a throwing net
 G - 8 curare-tipped darts
 O - 2 silver boomerangs
Armour
 b - a +0 kite shield (worn)
 H - a +1 cloak (worn)
 P - a +0 robe (worn)
Jewellery
 w - an amulet of magic regeneration
 D - an amulet of guardian spirit (around neck)
 F - a +6 ring of dexterity (left claw)
Wands
 A - a wand of roots (13)
 N - a wand of flame (31)
Scrolls
 d - a scroll of noise {unknown}
 e - a scroll of identify
 f - 2 scrolls of fear {unknown}
 h - 2 scrolls of amnesia {unknown}
 i - a scroll of vulnerability {unknown}
 j - 3 scrolls of brand weapon {unknown}
 k - a scroll of enchant weapon {unknown}
 m - 4 scrolls of teleportation {unknown}
 q - 2 scrolls of immolation {unknown}
 u - 4 scrolls of blinking {unknown}
 x - 2 scrolls of silence {unknown}
 B - 3 scrolls of enchant armour {unknown}
 C - 2 scrolls of magic mapping {unknown}
 K - 2 scrolls of fog {unknown}
Potions
 c - 5 potions of might
 g - 4 potions of curing
 l - 5 potions of heal wounds
 n - 3 potions of haste
 o - 4 potions of mutation
 p - 8 potions of attraction
 t - a potion of degeneration {unknown}
 z - 5 potions of cancellation
 E - a potion of brilliance {unknown}
 I - a potion of berserk rage {unknown}
 J - a potion of invisibility {unknown}
 L - a potion of magic
 M - 2 potions of resistance


   Skills:
 - Level 11.0 Fighting
 * Level 5.5 Dodging
 - Level 2.6 Shields
 + Level 10.2 Unarmed Combat


You had 10 spell levels left.
You didn't know any spells.
Your spell library contained the following spells:

 Spells                   Type           Power      Damage    Failure   Level
 Kiss of Death            Conj/Necr      0%         2d5       77%         1
 Slow                     Hex            0%         N/A       77%         1
 Confusing Touch          Hex            0%         N/A       98%         3
 Dazzling Flash           Conj/Hex       0%         N/A       98%         3
 Vampiric Draining        Necr           0%         2d6       98%         3
 Volatile Blastmotes      Fire/Tloc      0%         2d10      98%         3
 Dispel Undead            Necr           0%         3d6       100%        4
 Iskenderun's Mystic Bla  Conj/Tloc      0%         2d3       100%        4
 Summon Lightning Spire   Summ/Air       0%         N/A       100%        4
 Starburst                Conj/Fire      0%         6d3       100%        6
 Storm Form               Tmut/Air       0%         N/A       100%        7
 Maxwell's Capacitive Co  Air            0%         ∞         100%        8


Dungeon Overview and Level Annotations

Branches:
Dungeon (10/15)            Temple (1/1) D:7            Lair (0/5) D:10
Ossuary (visited)
    Orc: D:9-12

Altars:
Ashenzari
Cheibriados
Elyvilon
Fedhas
Gozag
Hepliaklqana
Kikubaaqudgha
Makhleb
Nemelex Xobeh
Okawaru
Qazlal
Ru
Sif Muna
Trog
Uskayaw
Vehumet
Wu Jian
Xom
Yredelemnul
Zin
The Shining One

Shops:
D:4 *   D:10 (

Portals:
Trove: D:10 (give +3 shadow dragon scales)

Annotations:
D:6 1 runed translucent door
D:7 1 transporter


Innate Abilities, Weirdness & Mutations

You are too large for most types of armour.
You have claws for hands.
Your natural rate of healing is unusually fast.
You are covered in fur. (AC +1)
You have tough skin. (AC +1)


Message History

* * * LOW HITPOINT WARNING * * *
Unknown command.
Okay, then.
You feel much better. The yak gores you but does no damage. The yak gores you.
* * * LOW HITPOINT WARNING * * *
You block the yak's attack. The yak gores you but does no damage.
Okay, then.
Unknown command.
You puncture the yak!
The yak is moderately wounded.
The yak gores you.
* * * LOW HITPOINT WARNING * * *
The yak closely misses you. The yak gores you.
* * * LOW HITPOINT WARNING * * *
The yak gores you but does no damage.
Unknown command.
Unknown command.
Unknown command.
You puncture the yak!
The yak is heavily wounded.
The yak barely misses you. The yak gores you but does no damage.
You block the yak's attack. The yak gores you!
* * * LOW HITPOINT WARNING * * *
Unknown command.
Unknown command.
Unknown command.
You puncture the yak!
The yak is almost dead.
The yak closely misses you. The yak gores you!
* * * LOW HITPOINT WARNING * * *
The yak gores you but does no damage. You block the yak's attack.
Unknown command.
Unknown command.
Unknown command.
You puncture the yak!
You kill the yak!
You block the yak's attack. The yak gores you!
* * * LOW HITPOINT WARNING * * *
The yak gores you!
You die...

...#.....#.....#...........#.....
...#.....÷.....#.......#####.....
...#.....#.....#.......#.........
..##.....#....##.......#####.....
..#......#....#............'.....
..#......####'#............#.....
..###......................#.....
....#..........†YY.........#.....
....#..#########@YS........#.....
....#..#.......#############.....
....#..#.........................
....#..#.........(...............
....####.....)...................
............))...................
........<....)...................
..........................#######
..........(............####


You could see 3 yaks and a water moccasin.

Vanquished Creatures
  Amaemon (D:9)
  An ugly thing (D:10)
  Joseph (D:8)
  An orange demon (D:9)
  2 trolls
  2 hornets
  Sigmund (D:3)
  A shadow (D:9)
  2 wyverns (D:10)
  A basilisk (D:10)
  12 yaks
  3 vampire mosquitoes (D:9)
  3 water moccasins
  2 ice beasts
  An orc warrior (D:9)
  A sky beast (D:7)
  2 ogres
  A centaur (D:6)
  4 kobold brigands
  A gnoll sergeant (D:5)
  2 bullfrogs (D:7)
  A scorpion (D:10)
  6 wights (D:8)
  10 killer bees
  A howler monkey (D:6)
  2 jellies
  A lava snake (D:7)
  5 hounds
  An orc priest (D:4)
  2 sleepcaps
  2 iguanas
  4 orc wizards
  5 mummies (Ossuary)
  7 gnolls
  7 adders
  2 shadow imps
  3 white imps
  2 ufetubi
  4 dart slugs
  25 orcs
  4 endoplasms
  4 giant cockroaches
  5 goblins
  9 hobgoblins
  23 kobolds
  6 quokkas
  6 ball pythons
  6 bats
  3 frilled lizards
  5 hobgoblin zombies (Ossuary)
  7 rats
213 creatures vanquished.

Notes
Turn   | Place    | Note
-------+----------+-------------------------------------------
     0 | D:1      | cdecastro the Troll Fighter began the quest for the Orb.
     0 | D:1      | Reached XP level 1. HP: 22/22 MP: 0/0
   153 | D:1      | Reached XP level 2. HP: 29/29 MP: 1/1
   275 | D:1      | Reached skill level 3 in Fighting
   451 | D:1      | Reached XP level 3. HP: 37/37 MP: 2/2
  1571 | D:3      | Found a basalt altar of Yredelemnul.
  1579 | D:3      | Noticed Sigmund
  1733 | D:3      | Killed Sigmund
  1734 | D:3      | Reached skill level 4 in Fighting
  1734 | D:3      | Reached XP level 4. HP: 40/49 MP: 3/3
  1734 | D:3      | Reached XP level 5. HP: 45/55 MP: 4/4
  1947 | D:3      | Found a shimmering altar of Xom.
  2346 | D:4      | Found Vianor's Overcharged Wands.
  2476 | D:4      | Reached XP level 6. HP: 63/63 MP: 5/5
  2687 | D:4      | Reached skill level 5 in Fighting
  2779 | D:4      | Found a glowing golden altar of the Shining One.
  2846 | D:4      | Became a worshipper of the Shining One
  3106 | D:5      | Entered Level 5 of the Dungeon
  3230 | D:5      | Reached XP level 7. HP: 70/72 MP: 6/6
  3298 | D:5      | Reached skill level 6 in Fighting
  3309 | D:5      | Reached skill level 5 in Unarmed Combat
  3975 | D:6      | Reached XP level 8. HP: 83/84 MP: 7/7
  4074 | D:6      | Reached skill level 7 in Fighting
  4206 | D:6      | Found a runed translucent door.
  4287 | D:6      | Found a bloodstained altar of Trog.
  4731 | D:7      | Found a sparkling altar of Nemelex Xobeh.
  4731 | D:7      | Found a transporter.
  4731 | D:7      | Noticed a cyclops
  4732 | D:7      | Noticed a two-headed ogre
  4818 | D:7      | Reached skill level 8 in Fighting
  4827 | D:7      | Reached * piety under the Shining One
  4881 | D:7      | Found a sand-covered staircase.
  4886 | Ossuary  | Entered an ossuary
  5270 | D:7      | Found a staircase to the Ecumenical Temple.
  5324 | Temple   | Entered the Ecumenical Temple
  5739 | D:8      | Reached XP level 9. HP: 86/97 MP: 8/8
  5745 | D:8      | Reached ** piety under the Shining One
  5759 | D:8      | Noticed Joseph
  5773 | D:8      | Killed Joseph
  5850 | D:8      | Reached skill level 9 in Fighting
  5929 | D:8      | Found an opulent altar of Gozag.
  6323 | D:8      | Paralysed by a hornet for 1 turns
  6715 | D:9      | Noticed Amaemon
  6724 | D:9      | Noticed an orange demon
  6731 | D:9      | Killed Amaemon
  6732 | D:9      | Reached skill level 10 in Fighting
  6736 | D:9      | Killed an orange demon
  6737 | D:9      | Reached XP level 10. HP: 28/111 MP: 9/9
  6972 | D:9      | Reached *** piety under the Shining One
  6992 | D:9      | Paralysed by a hornet for 1 turns
  7105 | D:9      | Found a hide-covered altar of Uskayaw.
  7501 | D:9      | Reached skill level 11 in Fighting
  7934 | D:10     | Entered Level 10 of the Dungeon
  7934 | D:10     | Found Moshrop's Antique Weapon Emporium.
  7934 | D:10     | Found a glowing silver altar of Zin.
  8075 | D:10     | Noticed a two-headed ogre
  8180 | D:10     | Noticed a purple ugly thing
  8192 | D:10     | Killed a purple ugly thing
  8232 | D:10     | Reached skill level 10 in Unarmed Combat
  8283 | D:10     | Found a staircase to the Lair.
  8292 | D:10     | Reached skill level 5 in Dodging
  8350 | D:10     | Found a portal to a secret trove of treasure.
  8366 | D:10     | Identified the +12 trident "Killer Bee's Doom" {speed, rF+
                  | SInv Stlth+}
  8381 | D:9      | Reached XP level 11. HP: 111/120 MP: 7/10
  8435 | D:9      | HP: 3/120 [yak (9)]
  8435 | D:9      | Slain by a yak

Illustrated notes

Levels and vault maps discovered:
D:1:      dpeg_arrival_refuge, layout_loops_cross
D:2:      layout_loops_corners
D:3:      layout_loops_ring, yredelemnul_altar_generic,
          mainiacjoe_overflow_catwalk, minmay_parallelograms, uniq_sigmund
D:4:      minmay_spotlight, layout_gridville, tso_metal_star,
          nicolae_shop_overcharged_wands
D:5:      layout_basic, chequers_serial_rivers_room_b, st_stairs_2,
          nicolae_titane
D:6:      layout_cave_pools, kennysheep_little_box, lightli_church_of_beogh
D:7:      layout_loops_ring, grunt_nemelex_the_gamble,
          minmay_temple_entry_statues_pillars, enter_ossuary_2,
          minmay_misc_feat_tiny, chequers_serial_rivers_micro_b,
          nicolae_kite_square_tiling_tiny
D:8:      layout_basic, nicolae_gozag_cash_rules_everything_around_me,
          uniq_joseph
D:9:      layout_irregular_city, nicolae_uskayaw_dance_hall, uniq_amaemon
D:10:     layout_cave_pools, mainiacjoe_overflow_tiny_flanked,
          lemuel_round_altar, minmay_lair_entry_grove, serial_shops,
          nicolae_stop_n_shop_2, enter_trove_1, minivault_25,
          nicolae_shop_sticking_my_neck_out
Temple:   nicolae_temple_figure_eight

Skill      XL: |  1  2  3  4  5  6  7  8  9 10 |
---------------+-------------------------------+-----
Fighting       | 3 4 5 6 8 10 11 | 11.0
Unarmed Combat | 3 4 5 7 8 10 | 10.2
Dodging        | 5 |  5.5
Shields        | |  2.6

Action                     |  1- 3 |  4- 6 |  7- 9 | 10-12 || total
---------------------------+-------+-------+-------+-------++-------
  Melee: Unarmed           |   104 |    77 |   258 |   121 ||   560
         Trident           |       |       |       |    18 ||    18
  Throw: Dart              |     2 |       |     4 |     1 ||     7
         Boomerang         |     1 |       |       |       ||     1
    Use: Scroll            |       |       |     8 |       ||     8
         Potion            |       |       |     3 |     2 ||     5
   Stab: Sleeping          |     1 |       |       |       ||     1
 Armour: Robe              |    27 |    19 |    34 |    27 ||   107
  Dodge: Dodged            |    34 |    23 |    60 |    62 ||   179
  Block: Kite shield       |    30 |    23 |   102 |    84 ||   239
